 Dungeon Crawl Stone Soup version 0.28-b1-25-g9875b3fc8c (webtiles) character file.

Game seed: 8313483080598132713

1065 Masnef the Ruffian (level 8, -4/60 HPs)
             Began as a Gnoll Wanderer on Feb 6, 2022.
             Was an Elder of Nemelex Xobeh.
             Killed from afar by Duvessa the acid dragon (10 damage)
             ... with a splash of acid
             ... on level 5 of the Dungeon.
             The game lasted 00:13:02 (5918 turns).

Masnef the Ruffian (Gnoll Wanderer)                 Turns: 5918, Time: 00:13:02

Health: -4/60      AC:  7    Str: 16    XL:     8   Next: 27%
Magic:  12/12      EV: 13    Int: 17    God:    Nemelex Xobeh [****..]
Gold:   26         SH:  4    Dex: 10    Spells: 11/13 levels left

rFire   . . .      SeeInvis .     - Unarmed
rCold   . . .      Faith    .   (no shield)
rNeg    . . .      Spirit   .   e - +0 leather armour
rPois   .          Reflect  .   o - +1 helmet
rElec   .          Harm     .   x - +0 cloak
rCorr   .          Rampage  .   (no gloves)
Will    .....                   (no boots)
Stlth   ++........              (no amulet)
HPRegen 0.20/turn               g - +6 ring of intelligence
MPRegen 0.13/turn               (no ring)

@: no status effects
A: fangs 1, strong nose, distributed training, large bone plates 1, mutation
resistance 1, MP-powered wands
a: Renounce Religion, Draw Escape, Draw Destruction, Draw Summoning, Triple
Draw, Deal Four


You were on level 5 of the Dungeon.
You worshipped Nemelex Xobeh.
Nemelex Xobeh was greatly pleased with you.
You visited 1 branch of the dungeon, and saw 5 of its levels.

You collected 159 gold pieces.
You spent 133 gold pieces at shops.

Inventory:

Hand Weapons
 a - a +1 hand crossbow
 f - a +0 mace
 s - a +0 dagger of flaming
Missiles
 d - 59 bolts
 w - 6 poisoned darts (quivered)
Armour
 e - a +0 leather armour (worn)
 k - the +5 plate armour of the Doldrums {Dex+4}
   (You found it on level 2 of the Dungeon)

   Dex:       It affects your dexterity (+4).
 o - a +1 helmet (worn)
 x - a +0 cloak (worn)
Jewellery
 g - a +6 ring of intelligence (left hand)
Wands
 r - a wand of charming (8)
Scrolls
 i - a scroll of enchant weapon {unknown}
 j - a scroll of silence {unknown}
 l - a scroll of blinking {unknown}
 q - a scroll of immolation {unknown}
 t - a scroll of summoning {unknown}
 u - a scroll of fog {unknown}
 v - 3 scrolls of teleportation
Potions
 b - a potion of invisibility
 c - a potion of might
 h - a potion of mutation
 m - 3 potions of cancellation
 n - 2 potions of haste
 p - a potion of attraction {unknown}


   Skills:
 + Level 4.1 Fighting
 + Level 3.1 Short Blades
 + Level 3.1 Long Blades
 + Level 3.1 Axes
 + Level 3.1 Maces & Flails
 + Level 3.1 Polearms
 + Level 3.1 Staves
 + Level 3.1 Slings
 + Level 3.1 Bows
 + Level 4.1 Crossbows
 + Level 3.1 Throwing
 + Level 5.6 Armour
 + Level 5.6 Dodging
 + Level 4.0 Stealth
 + Level 3.1 Shields
 + Level 7.3 Unarmed Combat
 + Level 3.1 Spellcasting
 + Level 2.5 Conjurations
 + Level 2.5 Hexes
 + Level 2.5 Summonings
 + Level 2.5 Necromancy
 + Level 2.5 Translocations
 + Level 2.5 Transmutations
 + Level 2.5 Fire Magic
 + Level 2.5 Ice Magic
 + Level 2.5 Air Magic
 + Level 2.5 Earth Magic
 + Level 2.5 Poison Magic
 + Level 3.4 Invocations
 + Level 3.1 Evocations


You had 11 spell levels left.
You knew the following spells:

 Your Spells              Type           Power      Damage    Failure   Level
a - Poisonous Vapours     Pois/Air       22%        N/A       11%         2

Your spell library contained the following spells:

 Spells                   Type           Power      Damage    Failure   Level
 Sting                    Tmut/Pois      44%        1d5       8%          1
 Dazzling Flash           Conj/Hex       22%        N/A       22%         3
 Iskenderun's Mystic Bla  Conj/Tloc      11%        2d4       58%         4
 Olgreb's Toxic Radiance  Pois           11%        N/A       58%         4
 Starburst                Conj/Fire      5%         6d4       100%        6


Dungeon Overview and Level Annotations

Branches:
Dungeon (5/15)
 Temple: D:4-7

Altars:
Nemelex Xobeh

Shops:
D:3 ?(*=:

Annotations:
D:5 Dowan, Duvessa


Innate Abilities, Weirdness & Mutations

You have very sharp teeth.
Your uncanny sense of smell can sniff out nearby items.
Your experience applies equally to all skills.
You are partially covered in large bone plates. (SH +4)
You are somewhat resistant to further mutation.
You expend magic power (3 MP) to strengthen your wands.


Message History

You hit the scorpion.
The scorpion is almost dead.
You feel sick. You block the scorpion's attack.
You closely miss the scorpion. Your punch misses the scorpion.
The scorpion is almost dead.
You feel sick. You block the scorpion's attack.
You hit the scorpion but do no damage.
The scorpion is almost dead.
You feel sick. The scorpion stings you!
You barely miss the scorpion. Your bite misses the scorpion.
The scorpion is almost dead.
You feel sick. The scorpion closely misses you.
You draw a card...
You have drawn Wild Magic.
Dim flames ripple over the scorpion's body!
You kill the scorpion!
Duvessa is caught in a fiery explosion!
The air around the ogre crackles with energy!
You feel a surge of magic.
You feel sick. You block Duvessa's attack.
Your Stealth skill increases to level 4!
You barely miss Duvessa. Your bite misses Duvessa.
Duvessa is severely wounded.
You feel sick. Duvessa barely misses you.
An iguana comes into view.
You draw a card...
You have drawn Degeneration.
The ogre evaporates and reforms as an acid dragon!
The acid dragon twists and deforms.
Duvessa evaporates and reforms as an acid dragon!
Duvessa twists and deforms.
The iguana evaporates and reforms as an adder!
The adder twists and deforms.
You feel sick.
You are no longer poisoned.
The acid dragon spits acid at you. The splash of acid hits you!!
* * * LOW HITPOINT WARNING * * *
The adder hisses angrily.
You fail to use your ability.
Duvessa spits acid at you. The splash of acid hits you!
You die...
Your body glows with a rainbow of weird colours and disappears.

## #.### ###
###....##
###.###.......
###.....#.....#
#.............#
#..............#
###......D@D#...
#.................
#...............#.
##>....#....##..S.
#.....#....# ...
#........### ..
##.......# .
.........


You could see an acid dragon (catching breath, misshapen), Duvessa the acid
dragon (catching breath, misshapen) and an adder (misshapen).

Vanquished Creatures
  Sigmund (D:2)
  An ogre (D:5)
  2 phantoms (D:5)
  Blork the orc (D:4)
  3 scorpions
  A howler monkey (D:4)
  2 hounds
  A jelly (D:4)
  An iguana (D:5)
  Ijyb (D:3)
  A hound skeleton (D:4)
  5 adders
  2 shadow imps
  An adder skeleton (D:4)
  2 dart slugs (D:2)
  4 orcs
  6 bats
  5 endoplasms
  7 giant cockroaches
  3 goblins
  6 hobgoblins
  5 kobolds
  5 quokkas
  6 ball pythons
  4 frilled lizards (D:1)
76 creatures vanquished.

Vanquished Creatures (collateral kills)
  A black bear (D:4)
  An orc priest (D:4)
  An orc (D:4)
  An endoplasm (D:4)
  A giant cockroach (D:4)
5 creatures vanquished.

Grand Total: 81 creatures vanquished

Notes
Turn   | Place    | Note
-------+----------+-------------------------------------------
     0 | D:1      | Masnef the Gnoll Wanderer began the quest for the Orb.
     0 | D:1      | Masnef set off with the following items: a +1 hand
                  | crossbow, a potion of heal wounds, a potion of might, 22
                  | bolts, a +0 leather armour
     0 | D:1      | Reached XP level 1. HP: 17/17 MP: 1/1
    33 | D:1      | Found a faded altar of an unknown god.
    39 | D:1      | Prayed at the altar of an unknown god.
    39 | D:1      | Became a worshipper of Nemelex Xobeh the Trickster
    39 | D:1      | Reached * piety under Nemelex Xobeh
   200 | D:1      | Received a gift from Nemelex Xobeh
   332 | D:1      | Noticed a scorpion
   332 | D:1      | a hobgoblin changed into a scorpion
   341 | D:1      | Killed a scorpion
   342 | D:1      | Reached skill level 1 in Short Blades
   342 | D:1      | Reached skill level 1 in Long Blades
   342 | D:1      | Reached skill level 1 in Axes
   342 | D:1      | Reached skill level 1 in Maces & Flails
   342 | D:1      | Reached skill level 1 in Polearms
   342 | D:1      | Reached skill level 1 in Staves
   342 | D:1      | Reached skill level 1 in Slings
   342 | D:1      | Reached skill level 1 in Bows
   342 | D:1      | Reached skill level 1 in Throwing
   342 | D:1      | Reached skill level 1 in Shields
   342 | D:1      | Reached skill level 1 in Spellcasting
   342 | D:1      | Reached skill level 1 in Invocations
   342 | D:1      | Reached skill level 1 in Evocations
   342 | D:1      | Reached XP level 2. HP: 20/23 MP: 1/3
   342 | D:1      | Reached XP level 3. HP: 25/28 MP: 1/4
   342 | D:1      | Reached XP level 4. HP: 30/34 MP: 1/5
   902 | D:1      | Reached ** piety under Nemelex Xobeh
  1284 | D:2      | Identified the +5 plate armour of the Doldrums {Dex+4}
  1412 | D:2      | Reached skill level 1 in Conjurations
  1412 | D:2      | Reached skill level 1 in Hexes
  1412 | D:2      | Reached skill level 1 in Summonings
  1412 | D:2      | Reached skill level 1 in Necromancy
  1412 | D:2      | Reached skill level 1 in Translocations
  1412 | D:2      | Reached skill level 1 in Transmutations
  1412 | D:2      | Reached skill level 1 in Fire Magic
  1412 | D:2      | Reached skill level 1 in Ice Magic
  1412 | D:2      | Reached skill level 1 in Air Magic
  1412 | D:2      | Reached skill level 1 in Earth Magic
  1412 | D:2      | Reached skill level 1 in Poison Magic
  1937 | D:2      | Reached XP level 5. HP: 5/40 MP: 6/6
  1938 | D:2      | HP: 3/60 [poisoned by an adder]
  1942 | D:2      | HP: 1/40 [poisoned by an adder]
  2262 | D:2      | Learned a level 2 spell: Poisonous Vapours
  2442 | D:2      | Received a gift from Nemelex Xobeh
  2491 | D:2      | Noticed Sigmund
  2518 | D:2      | Killed Sigmund
  2519 | D:2      | Reached XP level 6. HP: 29/47 MP: 8/8
  2796 | D:3      | Found Hoppuvu's Weapon Boutique.
  2800 | D:3      | Found Toom's Jewellery Emporium.
  2820 | D:3      | Found Iclicuc's Magic Scroll Shoppe.
  2830 | D:3      | Bought a scroll of identify for 22 gold pieces
  2845 | D:3      | Found Luxziath's Assorted Antiques.
  2848 | D:3      | Bought a fizzy pink potion for 24 gold pieces
  2976 | D:3      | Reached *** piety under Nemelex Xobeh
  3022 | D:3      | Received a gift from Nemelex Xobeh
  3200 | D:3      | Found a sparkling altar of Nemelex Xobeh.
  3549 | D:3      | Found Lotuaffa's Book Shoppe.
  3574 | D:3      | Received a gift from Nemelex Xobeh
  3626 | D:3      | Noticed Ijyb
  3632 | D:3      | Killed Ijyb
  3633 | D:3      | Reached skill level 5 in Armour
  3633 | D:3      | Reached skill level 5 in Dodging
  3843 | D:3      | Bought a scroll labelled ENITTUMISH for 27 gold pieces
  3843 | D:3      | Bought a scroll labelled JYLE UPSUDA for 27 gold pieces
  4150 | D:4      | Noticed a black bear
  4161 | D:4      | Killed a black bear
  4162 | D:4      | Reached XP level 7. HP: 30/52 MP: 10/10
  4393 | D:4      | Reached skill level 7 in Unarmed Combat
  4564 | D:4      | Noticed Blork the orc
  4612 | D:4      | Gained mutation: You have hidden genetic defects. [potion
                  | of mutation]
  4612 | D:4      | Gained mutation: You are partially covered in large bone
                  | plates. (SH +4) [potion of mutation]
  4617 | D:4      | Killed Blork the orc
  4826 | D:4      | Gained mutation: You sometimes lose the ability to read
                  | scrolls when taking damage. [hidden defects]
  4855 | D:4      | Lost mutation: You sometimes lose the ability to read
                  | scrolls when taking damage. [potion of mutation]
  4855 | D:4      | Lost mutation: You have hidden genetic defects. [potion of
                  | mutation]
  4855 | D:4      | Gained mutation: You are somewhat resistant to further
                  | mutation. [potion of mutation]
  4855 | D:4      | Gained mutation: You expend magic power (3 MP) to
                  | strengthen your wands. [potion of mutation]
  5095 | D:4      | You fall into a shaft and drop 1 floor!
  5095 | D:5      | Entered Level 5 of the Dungeon
  5095 | D:5      | Reached **** piety under Nemelex Xobeh
  5210 | D:5      | Received a gift from Nemelex Xobeh
  5235 | D:5      | Reached XP level 8. HP: 50/60 MP: 12/12
  5314 | D:5      | Noticed Dowan
  5852 | D:3      | Bought a scroll of teleportation for 33 gold pieces
  5900 | D:5      | Noticed Duvessa
  5917 | D:5      | Noticed Duvessa
  5917 | D:5      | Duvessa changed into Duvessa the acid dragon
  5918 | D:5      | Killed from afar by Duvessa the acid dragon

Illustrated notes

Levels and vault maps discovered:
D:1:      enne_arrival_octagon_isle, layout_basic,
          hellmonk_ecumenical_altar_zigzags, hex_tiny
D:2:      layout_loops_cross, uniq_sigmund
D:3:      layout_basic, mainiacjoe_overflow_six_doors_small,
          serial_co_window_serial, co_window_of_opportunity_a,
          co_window_paths_a, co_window_paths_a, co_window_cross_1,
          co_window_paths_a, co_window_broadway_c, co_window_of_opportunity_c,
          co_window_corner_b, co_window_broadway_b, co_window_paths_c,
          co_window_2corner, co_window_corner_ca, co_window_4corner_a,
          glass_columns_c, glass_columns_b, serial_shops, shop, shop_fountains,
          nicolae_shop_behind_doors, shop, shop_scrolls, minmay_quantized,
          uniq_ijyb
D:4:      layout_loops_cross, uniq_blork_the_orc
D:5:      layout_cave_pools, uniq_duvessa

Skill      XL: |  1  2  3  4  5  6  7  8 |
---------------+-------------------------+-----
Short Blades   | 1 2 3 |  3.1
Long Blades    | 1 2 3 |  3.1
Axes           | 1 2 3 |  3.1
Maces & Flails | 1 2 3 |  3.1
Polearms       | 1 2 3 |  3.1
Staves         | 1 2 3 |  3.1
Slings         | 1 2 3 |  3.1
Bows           | 1 2 3 |  3.1
Throwing       | 1 2 3 |  3.1
Shields        | 1 2 3 |  3.1
Spellcasting   | 1 2 3 |  3.1
Invocations    | 1 2 3 |  3.4
Evocations     | 1 2 3 |  3.1
Conjurations   | 1 2 |  2.5
Hexes          | 1 2 |  2.5
Summonings     | 1 2 |  2.5
Necromancy     | 1 2 |  2.5
Translocations | 1 2 |  2.5
Transmutations | 1 2 |  2.5
Fire Magic     | 1 2 |  2.5
Ice Magic      | 1 2 |  2.5
Air Magic      | 1 2 |  2.5
Earth Magic    | 1 2 |  2.5
Poison Magic   | 1 2 |  2.5
Fighting       | 3 4 |  4.1
Crossbows      | 3 4 |  4.1
Stealth        | 3 4 |  4.0
Armour         | 5 |  5.6
Dodging        | 5 |  5.6
Unarmed Combat | 7 |  7.3

Action                   |  1- 3 |  4- 6 |  7- 9 || total
-------------------------+-------+-------+-------++-------
Melee: Mace              |    13 |   135 |    17 ||   165
       Bite              |     1 |     8 |     9 ||    18
       Punch             |       |     5 |     4 ||     9
       Unarmed           |       |       |    92 ||    92
 Fire: Hand crossbow     |     7 |     3 |       ||    10
Invok: Draw Destruction  |     3 |     5 |     6 ||    14
       Draw Summoning    |       |     1 |       ||     1
       Draw Escape       |       |       |     1 ||     1
  Use: Scroll            |       |     4 |     1 ||     5
       Potion            |       |     1 |     3 ||     4
 Stab: Sleeping          |     1 |     2 |     1 ||     4
Armor: Leather armour    |     5 |    52 |    23 ||    80
Dodge: Dodged            |    23 |   107 |    63 ||   193
Block: Other             |       |       |    10 ||    10
